 Dungeon Crawl Stone Soup version 0.31-a0-446-g07c4bd200f (webtiles) character file.

Game seed: 15604882873987490011

1834 Ethylacetat the Insei (level 9, 0/47 HPs)
             Began as a Vine Stalker Monk on Aug 3, 2023.
             Slain by a centaur (1 damage)
             ... on level 5 of the Dungeon.
             The game lasted 00:08:45 (3439 turns).

Ethylacetat the Insei (Vine Stalker Monk)           Turns: 3439, Time: 00:08:45

Health: 0/47       AC:  2    Str: 15    XL:     9   Next: 11%
Magic:  0/17       EV: 13    Int: 10    God:
Gold:   197        SH:  0    Dex: 20    Spells: 17/17 levels left

rFire   . . .        t - +2 whip (venom)
rCold   . . .        c - orb {light}
rNeg    . . .        a - +0 robe
rPois   .            (helmet currently unavailable)
rElec   .            (cloak currently unavailable)
rCorr   .            (gloves currently unavailable)
SInv    .            (boots currently unavailable)
Will    +....        (no amulet)
Stlth   +            (no ring)
HPRegen 1.07/turn    (no ring)
MPRegen 0.15/turn

%: guardian spirit
@: beast-form, slowed, glowing, very slow
A: beast (slay +4), fangs 3, regeneration 1, magic shield, antimagic bite, no
potion heal 2
a: Begin Untransformation


You were on level 5 of the Dungeon.
You were a hulking beast.
You visited 1 branch of the dungeon, and saw 4 of its levels.
You also visited: Sewer.

You collected 197 gold pieces.

Inventory:

Hand Weapons
 t - a +2 whip of venom (weapon)
Missiles
 l - 2 curare-tipped darts
 n - 31 poisoned darts
Armour
 a - a +0 robe (worn)
 c - an orb of light (worn)
Talismans
 f - a beast talisman (active)
Scrolls
 d - 3 scrolls of vulnerability {unknown}
 e - a scroll of enchant armour {unknown}
 g - a scroll of silence {unknown}
 h - a scroll of enchant weapon {unknown}
 i - a scroll of revelation {unknown}
 k - 2 scrolls of fog {unknown}
 m - 6 scrolls of teleportation {unknown}
 o - a scroll of immolation {unknown}
 p - a scroll of amnesia {unknown}
 q - a scroll of poison {unknown}
 r - 2 scrolls of fear {unknown}
Potions
 b - a potion of ambrosia
 j - 2 potions of haste {unknown}
 s - 2 potions of curing {unknown}
 u - a potion of lignification {unknown}


   Skills:
 + Level 5.4 Fighting
 - Level 2.6 Dodging
 + Level 6.0 Unarmed Combat
 + Level 4.7 Spellcasting
 * Level 5.8 Shapeshifting


You had 17 spell levels left.
You didn't know any spells.
Your spell library contained the following spells:

 Spells                   Type           Power      Damage    Failure   Level
 Apportation              Tloc           4%         N/A       24%         1
 Magic Dart               Conj           8%         1d3       24%         1
 Shock                    Conj/Air       8%         1d3       24%         1
 Searing Ray              Conj           4%         2d4       34%         2
 Swiftness                Air            2%         N/A       56%         3
 Airstrike                Air            1%         2d(1-17)  93%         4
 Fulminant Prism          Conj/Hex       1%         3d5       93%         4
 Alistair's Intoxication  Tmut/Pois      1%         N/A       100%        5


Dungeon Overview and Level Annotations

Branches:
Dungeon (5/15)              Sewer (visited)
 Temple: D:4-7

Altars:
Nemelex Xobeh

Shops:
D:1 [


Innate Abilities, Weirdness & Mutations

You are a hulking beast.
Your limbs bulge with bestial killing power. (Slay +4)
You have razor-sharp teeth.
Your natural rate of healing is unusually fast.
When hurt, damage is shared between your health and your magic reserves.
Your bite disrupts and absorbs the magic of your enemies.
Potions cannot restore your health.


Message History

* * * LOW HITPOINT WARNING * * *
The wraith hits you!
* * * LOW HITPOINT WARNING * * *
The wraith drains your vigour!
You feel as though you will be slow longer.
The centaur hits you.
* * * LOW HITPOINT WARNING * * *
The centaur closely misses you. The wraith barely misses you.
You hit the wraith. You bite the wraith, but do no damage.
The wraith is severely damaged.
The centaur hits you.
* * * LOW HITPOINT WARNING * * *
The centaur kicks you but does no damage.
The centaur hits you.
* * * LOW HITPOINT WARNING * * *
The centaur kicks you but does no damage.
The wraith hits you!
* * * LOW HITPOINT WARNING * * *
The centaur hits you.
* * * LOW HITPOINT WARNING * * *
The centaur closely misses you. The wraith misses you.
You barely miss the wraith. Your bite misses the wraith.
The wraith is severely damaged.
The centaur hits you. The centaur kicks you.
* * * LOW HITPOINT WARNING * * *
The centaur barely misses you. x2; The wraith hits you!
* * * LOW HITPOINT WARNING * * *
The wraith drains your vigour!
You feel as though you will be slow longer.
You hit the wraith.
The wraith is severely damaged.
You feel less invigorated.
You feel less confused. The centaur barely misses you.
The centaur closely misses you. The wraith hits you!
* * * LOW HITPOINT WARNING * * *
The wraith drains your vigour!
You feel as though you will be slow longer.
The centaur hits you.
You die...

#..#~# #..... #.#~~♣#
####.# ###.♣~~~♣# #.#
#...~~~~~# #.#
#...~~P~~♣ #.#
#...~~~~~♣ #.#
##♣...P~~≈~~# #.#
#~~c...~~≈~~# #.#
♣♣~Wh..~~≈≈~~# #.#
♣~~....~~≈≈≈~♣ #.#
♣P~...~~~~~~~♣#####.#
♣♣~~...♣~~~~ ♣.......
~~~...~~~~~ ♣#####.#
♣~~P..~.~~~~ #.#
♣~~~....~~~~ #.#
♣♣~~...~~~♣ ###.#
#....


You could see a wraith and a centaur.

Vanquished Creatures
  Pikel (D:5)
  A water moccasin (D:5)
  3 black bears (D:5)
  An ogre (D:5)
  2 lemures (D:5)
  6 kobold brigands (Sewer)
  A scorpion (D:5)
  A howler monkey (D:5)
  A gnoll bouda (D:5)
  An orc priest (D:5)
  A jelly (D:5)
  An iguana (D:5)
  2 orc wizards (D:5)
  5 gnolls (D:5)
  10 adders
  A river rat (D:5)
  4 worms (Sewer)
  2 dart slugs (D:3)
  2 orcs (D:5)
  4 ball pythons
  5 bats
  15 endoplasms
  6 giant cockroaches
  3 goblins
  9 hobgoblins
  3 frilled lizards
  11 kobolds
  13 rats
115 creatures vanquished.

Notes
Turn   | Place    | Note
-------+----------+-------------------------------------------
     0 | D:1      | Ethylacetat the Vine Stalker Monk began the quest for the
                  | Orb.
     0 | D:1      | Reached XP level 1. HP: 11/11 MP: 2/2
    12 | D:1      | Found Dauc's Antique Armour Boutique.
    89 | D:1      | Reached XP level 2. HP: 15/16 MP: 3/3
   365 | D:1      | Found a faded altar of an unknown god.
   381 | D:1      | Reached XP level 3. HP: 16/20 MP: 4/4
   675 | D:2      | Reached skill level 1 in Shapeshifting
   826 | D:2      | Gained mutation: Your natural rate of healing is unusually
                  | fast. [Vine Stalker growth]
   826 | D:2      | Reached XP level 4. HP: 5/24 MP: 2/6
   952 | D:2      | Reached skill level 1 in Spellcasting
  1600 | D:3      | Reached XP level 5. HP: 28/28 MP: 6/8
  1886 | D:3      | You fall into a shaft and drop 2 floors!
  1886 | D:5      | Entered Level 5 of the Dungeon
  1900 | D:5      | Noticed a black bear
  1913 | D:5      | Killed a black bear
  1914 | D:5      | Reached skill level 4 in Unarmed Combat
  1914 | D:5      | Reached XP level 6. HP: 23/33 MP: 4/9
  1915 | D:5      | Noticed Pikel
  1933 | D:5      | Killed Pikel
  1934 | D:5      | Reached XP level 7. HP: 18/38 MP: 7/12
  2164 | D:5      | Reached skill level 5 in Unarmed Combat
  2164 | D:5      | Gained mutation: You have razor-sharp teeth. [Vine Stalker
                  | growth]
  2164 | D:5      | Reached XP level 8. HP: 35/42 MP: 14/14
  2247 | D:5      | Found a glowing drain.
  2251 | Sewer    | Entered a sewer
  2679 | Sewer    | Reached skill level 5 in Fighting
  2679 | Sewer    | Reached skill level 5 in Shapeshifting
  3070 | D:5      | Identified the +10 whip of Nobbaruw {speed, rF+ Str+2 Int-4
                  | Stlth+}
  3161 | D:5      | Found a sparkling altar of Nemelex Xobeh.
  3223 | D:5      | Reached XP level 9. HP: 39/47 MP: 13/16
  3259 | D:5      | Reached skill level 6 in Unarmed Combat
  3437 | D:5      | HP: 2/47 [centaur (1)]
  3439 | D:5      | Slain by a centaur

Illustrated notes

Levels and vault maps discovered:
D:1:      amcnicky_arrival_underground_garden, layout_rooms, serial_shops, shop,
          chequers_ecumenical_altar_twisty
D:2:      layout_basic, minmay_tromino_i2
D:3:      layout_loops_cross
D:5:      layout_loops_ring, nemelex_dance_club_becter, gup_sewer_entry_bowl,
          serial_bayou_ford_a, uniq_pikel

Skill      XL: |  1  2  3  4  5  6  7  8  9 |
---------------+----------------------------+-----
Fighting       | 3 4 5 |  5.4
Shapeshifting  | 1 2 3 4 5 |  5.8
Spellcasting   | 1 3 4 |  4.7
Unarmed Combat | 4 5 6 |  6.0
Dodging        | |  2.6

Action                     |  1- 3 |  4- 6 |  7- 9 || total
---------------------------+-------+-------+-------++-------
  Melee: Unarmed           |    82 |    94 |    65 ||   241
         Bite              |    30 |    37 |    53 ||   120
         Whip              |       |       |    94 ||    94
    Use: Potion            |       |     3 |     1 ||     4
 Armour: Robe              |    15 |     9 |    12 ||    36
  Dodge: Dodged            |    52 |    61 |   112 ||   225
   Form: Beast             |     1 |       |       ||     1

Table legend: (Time is in decaauts)
 A = Elapsed time spent in this place.
 B = Non-inter-level travel time spent in this place.
 C = Inter-level travel time spent in this place.
 D = Time resting spent in this place.
 E = Time spent auto-exploring this place.
 F = Levels seen in this place.
 G = Mean time per level.
                   A        B        C        D        E       F      G
               +--------+--------+--------+--------+--------+-----+--------+
         Total |   3599 |   3547 |     52 |     28 |   2565 |   5 |  719.8 |
       Dungeon |   2747 |   2695 |     52 |     28 |   1962 |   4 |  686.8 |
         Sewer |    851 |    851 |      0 |      0 |    602 |   1 |  851.0 |
               +--------+--------+--------+--------+--------+-----+--------+

Top non-repeatable levels by time:
     D:5: 870 daAuts
   Sewer: 851 daAuts
     D:2: 790 daAuts
     D:1: 621 daAuts
     D:3: 464 daAuts
